 Dungeon Crawl Stone Soup version 0.27-a0-1060-gcb85b5eba1 (webtiles) character file.

Game seed: 9313276918047698528

700 wingedge the Skirmisher (level 7, -6/64 HPs)
             Began as a Hill Orc Fighter on Apr 21, 2021.
             Mangled by Edmund
             ... wielding a +4 flail of protection
              (17 damage)
             ... on level 5 of the Dungeon.
             The game lasted 00:47:41 (2397 turns).

wingedge the Skirmisher (Hill Orc Fighter)          Turns: 2397, Time: 00:47:41

Health: -6/64      AC:  7    Str: 20    XL:     7   Next: 65%
Magic:  7/7        EV:  8    Int:  8    God:
Gold:   182        SH: 10    Dex: 11    Spells: 6/6 levels left

rFire    . . .     SeeInvis .   h - +4 short sword
rCold    . . .     Faith    .   c - +0 kite shield
rNeg     . . .     Spirit   .   D - +0 ring mail
rPois    .         Reflect  .   (no helmet)
rElec    .         Harm     .   (no cloak)
rCorr    .         Rampage  .   l - +0 pair of gloves
Will     .....                  (no boots)
Stlth    +.........             (no amulet)
HPRegen  0.20/turn              (no ring)
MPRegen  0.10/turn              (no ring)

@: mighty
A: no striking features
a: no special abilities


You were on level 5 of the Dungeon.
You visited 1 branch of the dungeon, and saw 5 of its levels.

You collected 182 gold pieces.

Inventory:

Hand Weapons
 a - a +0 war axe
 h - a +4 short sword (weapon)
 p - a +0 whip
 C - a +0 hunting sling
Missiles
 f - 21 stones
 j - 6 javelins
 k - 49 arrows
 q - 44 bolts
 v - 3 poisoned darts
 w - 51 sling bullets
 y - 2 boomerangs
Armour
 b - a +0 scale mail
 c - a +0 kite shield (worn)
 l - a +0 pair of gloves (worn)
 D - a +0 ring mail (worn)
Jewellery
 s - an amulet of magic regeneration
Wands
 x - a wand of acid (9) (quivered)
 B - a wand of flame (9)
Scrolls
 d - a scroll of brand weapon {unknown}
 e - 2 scrolls of teleportation {unknown}
 g - a scroll of noise {unknown}
 m - a scroll of vulnerability {unknown}
 n - a scroll of enchant armour {unknown}
 o - a scroll of identify {unknown}
 t - a scroll of amnesia {unknown}
 z - a scroll of fear {unknown}
Potions
 i - a potion of berserk rage {unknown}
 u - a potion of might
 A - a potion of attraction {unknown}


   Skills:
 + Level 6.4 Fighting
 - Level 3.0 Short Blades
 - Level 2.9 Axes
 - Level 2.0 Throwing
 + Level 5.2 Armour
 + Level 5.3 Shields
 * Level 0.0 Evocations


You had 6 spell levels left.
You didn't know any spells.
Your spell library was empty.

Dungeon Overview and Level Annotations

Branches:
Dungeon (5/15)
 Temple: D:4-7

Altars:

Shops:
D:2 *

Annotations:
D:5 Edmund


Message History

Edmund is moderately wounded.
Edmund hits you with a +4 flail of protection!
You feel very mighty all of a sudden.
Edmund drinks a potion.
Edmund seems to grow stronger.
You feel better. You block Edmund's attack.
You hit Edmund.
Edmund is heavily wounded.
Edmund completely misses you. You block Edmund's attack.
You hit Edmund.
Edmund is heavily wounded.
Edmund hits you with a +4 flail of protection!
* * * LOW HITPOINT WARNING * * *
You feel better.
Edmund hits you with a +4 flail of protection.
* * * LOW HITPOINT WARNING * * *
You feel better. Edmund barely misses you.
You barely miss Edmund.
Edmund is severely wounded.
Edmund hits you but does no damage.
You puncture Edmund!
Edmund is almost dead.
Edmund closely misses you.
You barely miss Edmund.
Edmund is almost dead.
Edmund misses you.
You barely miss Edmund.
Edmund is almost dead.
Edmund looks more healthy.
Edmund closely misses you.
You closely miss Edmund.
Edmund is almost dead.
Edmund hits you with a +4 flail of protection!
* * * LOW HITPOINT WARNING * * *
You barely miss Edmund.
Edmund is almost dead.
You block Edmund's attack.
Okay, then.
You hit Edmund.
Edmund is almost dead.
Edmund hits you with a +4 flail of protection!
You die...

#.# #.# # #.#
#.#.########
#.<.†......#
#.....####.#
.#........#>#######
#..................#
...........###.@..#.#
#####......# #.@.## #
#..#.### ###.# .
#....# (# # #.....#
(# ### #....... .#
##.# ....... ..
#######... $(
.......... #######...


You could see Edmund (strong).

Vanquished Creatures
  A sky beast (D:5)
  An ice beast (D:5)
  2 necrophages
  A bullfrog zombie (D:5)
  A jelly (D:5)
  A bullfrog skeleton (D:5)
  2 iguanas
  Jessica (D:2)
  Terence (D:2)
  A hound zombie (D:5)
  A howler monkey skeleton (D:5)
  4 adders
  2 ufetubi
  5 orcs
  6 ball pythons
  9 endoplasms
  2 giant cockroaches (D:3)
  2 goblins (D:3)
  6 hobgoblins
  3 jackals (D:1)
  6 kobolds
  3 quokkas
  7 bats
  A frilled lizard (D:1)
  2 rats
71 creatures vanquished.

Notes
Turn   | Place    | Note
-------+----------+-------------------------------------------
     0 | D:1      | wingedge the Hill Orc Fighter began the quest for the Orb.
     0 | D:1      | Reached XP level 1. HP: 19/19 MP: 1/1
    90 | D:1      | Reached skill level 1 in Short Blades
   126 | D:1      | Reached XP level 2. HP: 12/26 MP: 2/2
   552 | D:2      | Noticed Terence
   565 | D:2      | Killed Terence
   566 | D:2      | Reached skill level 4 in Fighting
   566 | D:2      | Reached XP level 3. HP: 21/33 MP: 3/3
   858 | D:2      | Noticed Jessica
   866 | D:2      | Killed Jessica
   867 | D:2      | Reached XP level 4. HP: 27/40 MP: 4/4
  1010 | D:2      | Found Zeujewk's General Store.
  1235 | D:4      | Noticed a phantom
  1256 | D:3      | Noticed a necrophage
  1262 | D:3      | Killed a necrophage
  1263 | D:3      | Reached skill level 1 in Throwing
  1263 | D:3      | Reached XP level 5. HP: 47/47 MP: 5/5
  1481 | D:3      | Reached XP level 6. HP: 54/55 MP: 6/6
  1587 | D:3      | Reached skill level 5 in Fighting
  1951 | D:5      | Entered Level 5 of the Dungeon
  2193 | D:5      | Noticed a necrophage
  2207 | D:5      | Killed a necrophage
  2208 | D:5      | Reached XP level 7. HP: 59/62 MP: 7/7
  2232 | D:5      | Reached skill level 6 in Fighting
  2232 | D:5      | Reached skill level 5 in Shields
  2256 | D:5      | Reached skill level 5 in Armour
  2372 | D:5      | Noticed Edmund
  2397 | D:5      | Mangled by Edmund

Illustrated notes

Levels and vault maps discovered:
D:1:      matt_arrival_diagonals, layout_rooms, serial_glass, glass_columns_b,
          glass_columns_a, minmay_statues_item
D:2:      layout_rooms, serial_shops, shop, grunt_ministairs_5, uniq_terence,
          uniq_jessica
D:3:      layout_basic
D:4:      layout_rooms
D:5:      layout_loops_corners, nicolae_ossuary_entry_plus,
          kennysheep_generic_room_14, uniq_edmund

Skill      XL: |  1  2  3  4  5  6  7 |
---------------+----------------------+-----
Short Blades   | 1 2 3 |  3.0
Fighting       | 4 5 6 |  6.4
Shields        | 4 5 |  5.3
Throwing       | 1 2 |  2.0
Armour         | 4 5 |  5.2
Axes           | |  2.9

Action                   |  1- 3 |  4- 6 |  7- 9 || total
-------------------------+-------+-------+-------++-------
Melee: Short sword       |    61 |   112 |    52 ||   225
       War axe           |     1 |       |       ||     1
Throw: Stone             |     7 |       |       ||     7
       Javelin           |    22 |    41 |     4 ||    67
       Dart              |       |       |     5 ||     5
       Boomerang         |       |       |     1 ||     1
Evoke: Wand              |       |       |     5 ||     5
  Use: Potion            |       |     1 |     5 ||     6
Armor: Scale mail        |    22 |    44 |    16 ||    82
       Ring mail         |       |       |     2 ||     2
Dodge: Dodged            |    15 |    38 |    16 ||    69
Block: Kite shield       |    23 |    47 |    16 ||    86

Table legend: (Time is in decaauts)
 A = Elapsed time spent in this place.
 B = Non-inter-level travel time spent in this place.
 C = Inter-level travel time spent in this place.
 D = Time resting spent in this place.
 E = Time spent auto-exploring this place.
 F = Levels seen in this place.
 G = Mean time per level.
                   A        B        C        D        E       F      G
               +--------+--------+--------+--------+--------+-----+--------+
         Total |   2501 |   2286 |    215 |    172 |      0 |   5 |  500.2 |
       Dungeon |   2501 |   2286 |    215 |    172 |      0 |   5 |  500.2 |
               +--------+--------+--------+--------+--------+-----+--------+

Top non-repeatable levels by time:
     D:3: 794 daAuts
     D:1: 646 daAuts
     D:2: 520 daAuts
     D:5: 472 daAuts
     D:4: 67 daAuts
